 Dungeon Crawl Stone Soup version 0.28-a0-794-gafe8c5f9e9 (webtiles) character file.

Game seed: 6717375370896919496

60 vurker the Magician (level 4, -6/33 HPs)
             Began as a Djinni Air Elementalist on Nov 5, 2021.
             Mangled by a river rat (9 damage)
             ... on level 3 of the Dungeon.
             The game lasted 00:01:45 (2065 turns).

vurker the Magician (Djinni Air Elementalist)       Turns: 2065, Time: 00:01:46

Health: -6/33      AC:  2    Str:  7    XL:     4   Next: 25%
Gold:   80         EV: 12    Int: 18    God:
                   SH:  0    Dex: 13

rFire   + . .      SeeInvis .   (no weapon)
rCold   . . .      Faith    .   (no shield)
rNeg    . . .      Spirit   .   a - +0 robe
rPois   ∞          Reflect  .   (no helmet)
rElec   .          Harm     .   (no cloak)
rCorr   .          Rampage  .   (no gloves)
Will    .....                   (boots unavailable)
Stlth   ++........              (no amulet)
HPRegen 0.11/turn               b - ring of ice
MPRegen 0.00/turn               (no ring)

@: flying
A: sickness immunity, fire resistance 2, cold vulnerability 1, float, innate
caster, hp casting, extra vitality 1
a: no special abilities


You were on level 3 of the Dungeon.
You visited 1 branch of the dungeon, and saw 3 of its levels.

You collected 80 gold pieces.

Inventory:

Armour
 a - a +0 robe (worn)
 g - a +2 hat
   (You found it on level 2 of the Dungeon)
Jewellery
 b - a ring of ice (left hand)
   (You found it on level 1 of the Dungeon)
Scrolls
 c - a scroll of summoning {unknown}
 e - a scroll of identify {unknown}
 h - a scroll of magic mapping {unknown}
Potions
 d - a potion of cancellation {unknown}
 f - a potion of invisibility {unknown}


   Skills:
 + Level 1.8 Fighting
 - Level 2.1 Dodging
 - Level 1.5 Stealth
 * Level 3.3 Spellcasting


You couldn't memorise any spells.
You knew the following spells:

 Your Spells              Type           Power      Damage    Failure   Level
a - Shock                 Conj/Air       60%        1d6       4%          1
b - Static Discharge      Conj/Air       15%        N/A       6%          2
c - Airstrike             Air            7%         N/A       36%         4
d - Swiftness             Air            15%        N/A       12%         3
e - Beastly Appendage     Tmut           30%        N/A       4%          1
Your spell library was empty.

Dungeon Overview and Level Annotations

Branches:
Dungeon (3/15)

Altars:


Innate Abilities, Weirdness & Mutations

You are immune to sickness and miasma.
You are immune to poison.
Your flesh is very heat resistant. (rF++)
You are vulnerable to cold. (rC-)
You float through the air rather than walking.
You learn spells naturally, not from books.
Your magical power is your life essence.
You have superior vitality. (+4 HP)


Message History

You have reached level 4!
You feel clever.
h - a scroll labelled GOUSUA DUGGESADUS An adder, a river rat and a worm come into view.
Aim: an adder (asleep, 100% to hit)
The zap hits the adder.
The adder hisses angrily.
The adder bites you but does no damage.
A river rat comes into view.
Aim: an adder (moderately wounded, 53% to hit)
The zap hits the adder.
The adder bites you.
Aim: an adder (severely wounded, 53% to hit)
The zap hits the adder.
The adder barely misses you. x2
Aim: an adder (severely wounded, 53% to hit)
The zap hits the adder.
The adder closely misses you.
Aim: an adder (almost dead, 53% to hit)
The zap misses the adder.
The adder misses you. The adder bites you but does no damage.
Aim: an adder (almost dead, 53% to hit)
The zap hits the adder.
The adder barely misses you.
Aim: an adder (almost dead, 53% to hit)
The zap misses the adder.
The adder bites you. x2
Aim: an adder (almost dead, 53% to hit)
The zap hits the adder.
You kill the adder!
Aim: a river rat (68% to hit)
The zap hits the river rat.
Aim: a river rat (lightly wounded, 68% to hit)
The zap misses the river rat.
* * * LOW HITPOINT WARNING * * *
The river rat closely misses you. The river rat bites you!
* * * LOW HITPOINT WARNING * * *
Aim: a river rat (lightly wounded, 68% to hit)
The zap hits the river rat.
The zap misses the river rat.
* * * LOW HITPOINT WARNING * * *
The river rat misses you.
Aim: a river rat (heavily wounded, 68% to hit)
The zap hits the river rat. x2
* * * LOW HITPOINT WARNING * * *
The river rat misses you.
Aim: a river rat (heavily wounded, 68% to hit)
The zap hits the river rat. x2
* * * LOW HITPOINT WARNING * * *
The river rat bites you.
* * * LOW HITPOINT WARNING * * *
Aim: a river rat (severely wounded, 68% to hit)
The zap hits the river rat. x2
* * * LOW HITPOINT WARNING * * *
The river rat bites you!
You die...

### #. ...# #. .... #.
######.## #.
########...#...#####.
≈≈#≈≈≈#............. ###
#r#@#≈#≈.......####.
#≈≈≈≈#≈#r#≈#≈............
#≈≈≈wr#≈≈≈≈......####.
#####≈#≈#≈............
≈≈#≈≈≈..##.#######
###≈#...<..# #≈≈≈..#...
#≈≈...#.!.# ...#.###...#


You could see a worm and 2 river rats.

Vanquished Creatures
  2 adders (D:3)
  A river rat (D:3)
  A dart slug (D:2)
  4 bats
  4 endoplasms
  A giant cockroach (D:2)
  2 hobgoblins
  4 kobolds
  A quokka (D:2)
  4 ball pythons
  3 goblins (D:1)
  4 rats
31 creatures vanquished.

Vanquished Creatures (others)
  4 plants (D:3)
4 creatures vanquished.

Grand Total: 35 creatures vanquished

Notes
Turn   | Place    | Note
-------+----------+-------------------------------------------
     0 | D:1      | vurker the Djinni Air Elementalist began the quest for the
                  | Orb.
     0 | D:1      | Reached XP level 1. HP: 15/15 MP: 0/0
   436 | D:1      | Reached XP level 2. HP: 20/22 MP: 0/0
   818 | D:1      | Reached skill level 1 in Fighting
  1367 | D:2      | Reached XP level 3. HP: 25/27 MP: 0/0
  1367 | D:2      | Learned a level 1 spell: Beastly Appendage
  1370 | D:2      | Reached skill level 3 in Spellcasting
  2031 | D:3      | Reached XP level 4. HP: 26/32 MP: 0/0
  2065 | D:3      | Mangled by a river rat

Illustrated notes

Levels and vault maps discovered:
D:1:      eino_arrival_cavern_e, layout_loops_cross, nrook_mini_vaults
D:2:      layout_basic
D:3:      due_chaos_kobolds, layout_loops_cross, mainiacjoe_overflow_paths,
          dk_xom_monty_hall, mainiacjoe_overflow_chevrons,
          lightli_sewer_entry_pipes, hellmonk_ecumenical_altar_prayer_group

Skill      XL: |  1  2  3 |
---------------+----------+-----
Fighting       | 1 |  1.8
Spellcasting   | 3 |  3.3
Dodging        | |  2.1
Stealth        | |  1.5

Action                   |  1- 3 |  4- 6 || total
-------------------------+-------+-------++-------
 Cast: Shock             |    65 |    14 ||    79
Armor: Robe              |     3 |     2 ||     5
Dodge: Dodged            |     4 |     8 ||    12

Table legend: (Time is in decaauts)
 A = Elapsed time spent in this place.
 B = Non-inter-level travel time spent in this place.
 C = Inter-level travel time spent in this place.
 D = Time resting spent in this place.
 E = Time spent auto-exploring this place.
 F = Levels seen in this place.
 G = Mean time per level.
                   A        B        C        D        E       F      G
               +--------+--------+--------+--------+--------+-----+--------+
         Total |   2064 |   1958 |    106 |      0 |   1773 |   3 |  688.0 |
       Dungeon |   2064 |   1958 |    106 |      0 |   1773 |   3 |  688.0 |
               +--------+--------+--------+--------+--------+-----+--------+

Top non-repeatable levels by time:
     D:1: 1081 daAuts
     D:2: 891 daAuts
     D:3: 90 daAuts
